 Dungeon Crawl Stone Soup version 0.30-a0-1123-gabc949cf19 (webtiles) character file.

Game seed: 12669715110969171333

180601 ketsa the Warrior (level 17, 0/163 HPs)
             Began as a Minotaur Berserker on Jan 29, 2023.
             Was an Elder of Trog.
             Slain by a merfolk impaler
             ... wielding a +2 demon trident of freezing
              (4 damage)
             ... on level 4 of the Shoals on Apr 22, 2023.
             The game lasted 02:50:24 (39455 turns).

ketsa the Warrior (Minotaur Berserker)             Turns: 39455, Time: 02:50:25

Health: 0/163      AC: 25    Str: 27    XL:     17   Next: 65%
Magic:  11/16      EV: 20    Int:  6    God:    Trog [****..]
Gold:   2195       SH: 19    Dex: 16    Spells: 16/16 levels left

rFire   + . .        d - +5 morningstar "Iwnurimp" {freeze, rC+ Int+2}
rCold   + . .        M - +2 kite shield
rNeg    . . .        y - +4 ring mail {rF+}
rPois   .            v - +1 hat
rElec   .            A - +0 cloak
rCorr   .            U - +1 pair of gloves {Dex+3}
SInv    .            q - +1 pair of boots
Will    +++..        W - amulet of reflection
Stlth   +            B - +4 ring of protection
HPRegen 1.47/turn    E - +5 ring of evasion
MPRegen 0.15/turn

%: reflection
@: lethally poisoned (0 -> 0), strong-willed, regenerating, hasted, slow
A: horns 2, retaliatory headbutt
a: Renounce Religion, Berserk, Trog's Hand, Brothers in Arms


You were on level 4 of the Shoals.
You worshipped Trog.
Trog was greatly pleased with you.
You visited 9 branches of the dungeon, and saw 31 of its levels.

You collected 2506 gold pieces.
You spent 311 gold pieces at shops.

Inventory:

Hand Weapons
 d - the +5 morningstar "Iwnurimp" (weapon) {freeze, rC+ Int+2}
   (You found it on level 4 of the Lair of Beasts)

   Int:       It affects your intelligence (+2).
   rC:        It protects you from cold.
 t - the +7 mace "Ripyub" {flame, rElec Str+2}
   (You found it on level 2 of the Lair of Beasts)

   Str:       It affects your strength (+2).
   rElec:     It insulates you from electricity.
 x - a +4 antimagic eveningstar
Armour
 h - an orb of light
 q - a +1 pair of boots (worn)
 v - a +1 hat (worn)
 y - a +4 ring mail of fire resistance (worn)
 A - a +0 cloak (worn)
 M - a +2 kite shield (worn)
 U - a +1 pair of gloves of dexterity (worn)
Jewellery
 c - an amulet of guardian spirit
 f - a ring of protection from fire
 j - an amulet of faith
 l - a ring of willpower
 n - a ring of protection from cold
 o - an amulet of regeneration
 p - a +6 ring of dexterity
 s - a ring of see invisible
 B - a +4 ring of protection (left hand)
 E - a +5 ring of evasion (right hand)
 W - an amulet of reflection (around neck)
Wands
 a - a wand of flame (54)
 L - a wand of roots (4)
 N - a wand of light (8)
 O - a wand of polymorph (20)
 S - a wand of mindburst (5)
 X - a wand of charming (26)
Scrolls
 b - 2 scrolls of silence
 e - 2 scrolls of torment
 w - 5 scrolls of fear
 z - 3 scrolls of poison
 C - a scroll of fog
 H - 6 scrolls of teleportation
 P - 3 scrolls of magic mapping
 Q - a scroll of enchant weapon
 R - 6 scrolls of blinking
 Y - 2 scrolls of enchant armour
 Z - 4 scrolls of brand weapon
Potions
 g - 13 potions of lignification
 i - 2 potions of haste
 k - 2 potions of invisibility
 m - 4 potions of magic
 r - 4 potions of heal wounds
 u - 10 potions of attraction
 D - 4 potions of curing
 G - a potion of ambrosia
 J - 10 potions of might
 K - 2 potions of resistance
 T - 3 potions of flight
Miscellaneous
 F - a lightning rod (4/4)
 V - a box of beasts


   Skills:
 + Level 17.7 Fighting
 - Level 16.3(18.6) Axes
 + Level 15.1(18.1) Maces & Flails
 - Level 3.6 Throwing
 + Level 17.6 Armour
 - Level 10.3 Dodging
 - Level 4.6 Stealth
 + Level 10.6 Shields
 - Level 10.6 Evocations


You had 16 spell levels left.
You didn't know any spells.
Your spell library was empty.

Dungeon Overview and Level Annotations

Branches:
Dungeon (15/15)            Temple (1/1) D:4            Lair (5/5) D:8
 Shoals (4/4) Lair:3        Snake (1/4) Lair:3        Slime (1/5) Lair:4
    Orc (2/2) D:11            Elf (1/3) Orc:2        Vaults (0/5) D:14
 Depths (1/4) D:15

Altars:
Ashenzari
Cheibriados
Dithmenos
Elyvilon
Fedhas
Gozag
Hepliaklqana
Kikubaaqudgha
Makhleb
Nemelex Xobeh
Okawaru
Qazlal
Ru
Sif Muna
Trog
Uskayaw
Vehumet
Wu Jian
Xom
Yredelemnul
Zin
The Shining One
Jiyva

Shops:
D:8 (   Orc:2 **!(

Portals:
Trove: D:11 (give 4 potions of resistance)

Annotations:
Lair:5 1 runed translucent door, kae's ghost, journeyman GrEE
Shoals:3 exclusion: downstairs
Depths:1 Mara


Innate Abilities, Weirdness & Mutations

You have a pair of horns on your head.
You reflexively headbutt those who attack you in melee.


Message History

Okay, then.
Your skin crawls.
You feel strong-willed.
You feel very sick.
Your ogre hits the merfolk javelineer with a +0 giant club!!
The merfolk javelineer throws a javelin.
The javelin pierces through you but does no damage.
You feel sick.
Your ogre barely misses the merfolk javelineer.
The merfolk javelineer throws a javelin.
The javelin pierces through you!
* * * LOW HITPOINT WARNING * * *
You enter the shallow water.
Moving in this stuff is going to be slow.
You feel sick.
Your ogre closely misses the merfolk javelineer.
The merfolk javelineer throws a javelin.
The javelin misses you.
You closely miss the merfolk javelineer.
You headbutt the merfolk javelineer.
The merfolk javelineer is moderately wounded.
You feel sick.
Your ogre barely misses the merfolk javelineer.
The merfolk javelineer throws a javelin.
The javelin closely misses you.
Your unstable footing causes you to fumble your attack.
You feel sick.
You feel yourself speed up.
You feel sick.
Your ogre closely misses the merfolk javelineer.
The merfolk javelineer throws a javelin.
The javelin pierces through you but does no damage.
You barely miss the merfolk javelineer.
The merfolk javelineer is moderately wounded.
Your ogre misses the merfolk javelineer.
The merfolk javelineer throws a javelin.
The javelin closely misses you.
The merfolk impaler hits you from afar with a +2 demon trident of freezing!!
* * * LOW HITPOINT WARNING * * *
The merfolk impaler freezes you.
You die...

~~~~~~~~...###..
###~~~~(~~!........
##~~~~~[..~~~~~~...#
~##~~~~......~~.~~~..#
~~~~~~.......~~.~~~~..
~P~P~P.P)....~~~~~~~..
~~~~P~~.......~~~~~~....
~~~~~(~)~~.....~~~~.....
~~~~mmO@~~....<.~~......
..~P~~m~~~..............
≈≈≈.....~~~.~~(.......~......
≈≈≈~...~~P~~.~~......~~~~....
≈≈P....~~~~~(~~......~~~~~...
≈≈~^..P~P~~~~~~~....~~~~~~~..
PPPPPP.~~~~~~~~~~.~~###~~##..
P~PP...~~~~~~~~~~~~~# ####..
.P~P..P~~~~~~~~~ ##.


You could see 2 merfolk impalers, a merfolk javelineer (ally target) and a
friendly ogre (summoned, berserk).

Vanquished Creatures
  Mlioglotl (Shoals:2)
  A lich (Depths:1)
  Rupert (Lair:4)
  Ilsuiw (Shoals:3)
  A frost giant (Shoals:4)
  A stone giant (Depths:1)
  4 merfolk javelineers
  9 merfolk impalers
  8 vault guards (D:14)
  Josephine (D:12)
  2 rakshasas
  8 hydras
  2 catoblepae
  6 centaur warriors
  4 ogre magi (Orc:2)
  Erica (D:9)
  3 merfolk aquamancers
  An alligator snapping turtle (Shoals:1)
  An anaconda (Snake:1)
  2 merfolk avatars
  18 two-headed ogres
  A satyr (Shoals:1)
  2 orc high priests
  4 tengu warriors
  5 boulder beetles
  3 dancing weapons (Orc:2)
  A vampire mage (Depths:1)
  A shock serpent (Snake:1)
  A spriggan berserker (D:15)
  A deep troll (Depths:1)
  A sixfirhy (D:10)
  A naga ritualist (Snake:1)
  4 skeletal warriors (D:10)
  7 skysharks
  9 sea snakes
  A glowing orange brain (D:15)
  The ghost of initializr the Covert, a novice KoBr of Wu Jian (D:6)
  A lindwurm (Lair:5)
  A glowing orange brain (shapeshifter) (D:15)
  7 harpies
  A deep elf archer (Orc:2)
  3 deep elf pyromancers
  3 orc knights
  6 fauns
  5 mana vipers
  9 cyclopes
  7 manticores
  19 ugly things
  4 orc sorcerers
  3 elephants (Lair:3)
  Maurice (Orc:1)
  An eye of devastation (shapeshifter) (D:9)
  A naga mage (Snake:1)
  8 black mambas
  7 merfolk sirens
  An eye of devastation (Slime:1)
  8 water nymphs
  The ghost of LowRida the Chopper, a novice GnRe (D:4)
  10 cane toads
  A torpor snail (Lair:4)
  2 gargoyles
  2 unseen horrors
  An efreet (D:15)
  A freezing wraith (D:14)
  Maggie (Lair:1)
  10 komodo dragons
  5 rime drakes
  A tengu conjurer (D:13)
  5 trolls
  Prince Ribbit (D:6)
  5 wind drakes
  3 hornets (Depths:1)
  10 polar bears (Lair:5)
  3 meliai (D:15)
  26 merfolk
  41 dream sheep
  28 blink frogs
  7 snapping turtles
  6 slime creatures
  An air elemental (Orc:2)
  A centaur simulacrum (D:14)
  3 vampires
  3 spriggans (Depths:1)
  6 wyverns
  A yak (shapeshifter) (D:15)
  8 water elementals
  7 wraiths
  44 yaks
  Grum (D:11)
  2 steam dragons
  10 basilisks
  10 vampire mosquitoes
  2 nagas
  8 wargs
  6 acid dragons
  37 water moccasins
  15 hell hounds (Lair:5)
  A floating eye (shapeshifter) (D:13)
  3 swamp drakes
  17 orc warriors
  12 black bears
  A sky beast (D:6)
  22 ogres
  21 wolves
  11 centaurs
  A kobold brigand (D:7)
  A gnoll sergeant (D:12)
  10 bullfrogs
  8 scorpions
  3 wights (D:7)
  21 killer bees
  3 howler monkeys (D:8)
  7 electric eels
  3 jellies
  2 gnoll boudas
  8 orc priests
  3 hounds
  8 iguanas
  20 orc wizards
  Terence (D:3)
  6 gnolls
  22 adders
  A shadow imp (D:6)
  5 white imps
  3 ufetubi
  2 worms
  2 dart slugs
  80 orcs
  2 bats (D:1)
  7 endoplasms
  5 giant cockroaches
  14 goblins
  6 hobgoblins
  10 jackals
  4 quokkas
  8 ball pythons
  2 frilled lizards
  17 kobolds
  4 rats
  A butterfly (Lair:1)
938 creatures vanquished.

Vanquished Creatures (collateral kills)
  Jorgrun (D:12)
  A fire dragon (Lair:5)
  A hydra (Lair:5)
  A centaur warrior (D:12)
  A merfolk aquamancer (Shoals:1)
  A swamp dragon (Lair:5)
  A naga ritualist (Snake:1)
  4 mana vipers (Snake:1)
  A cyclops (D:12)
  2 trolls (D:12)
  A yak (D:12)
  A basilisk (D:12)
  2 vampire mosquitoes (D:12)
  An iguana (Lair:5)
  A gnoll (D:12)
20 creatures vanquished.

Vanquished Creatures (others)
  A blink frog (Lair:2)
  An adder (Lair:2)
  23 fungi
  154 plants
179 creatures vanquished.

Grand Total: 1137 creatures vanquished

Notes
Turn   | Place    | Note
-------+----------+-------------------------------------------
     0 | D:1      | ketsa the Minotaur Berserker began the quest for the Orb.
     0 | D:1      | Reached XP level 1. HP: 19/19 MP: 0/0
   157 | D:1      | Reached XP level 2. HP: 25/27 MP: 1/1
   447 | D:1      | Found a faded altar of an unknown god.
   535 | D:1      | Reached ** piety under Trog
  1027 | D:2      | Reached XP level 3. HP: 24/32 MP: 2/2
  1194 | D:2      | Reached skill level 5 in Axes
  1195 | D:2      | Reached XP level 4. HP: 8/41 MP: 3/3
  2359 | D:3      | Noticed Terence
  2377 | D:3      | Killed Terence
  2578 | D:3      | Reached XP level 5. HP: 47/47 MP: 4/4
  2663 | D:3      | Reached *** piety under Trog
  2691 | D:3      | Found a bloodstained altar of Trog.
  2963 | D:4      | Found a runed translucent door.
  2965 | D:4      | Noticed LowRida's ghost (novice GnRe)
  3033 | D:4      | Found a staircase to the Ecumenical Temple.
  3035 | D:4      | Noticed a water moccasin
  3039 | D:4      | Killed a water moccasin
  3040 | D:4      | Reached XP level 6. HP: 53/53 MP: 5/5
  3065 | Temple   | Entered the Ecumenical Temple
  3065 | Temple   | Found a transporter.
  3065 | Temple   | Found a transporter.
  3067 | Temple   | Found a transporter.
  3067 | Temple   | Found a transporter.
  3572 | D:4      | Reached **** piety under Trog
  3576 | D:4      | Reached XP level 7. HP: 50/60 MP: 6/6
  4126 | D:5      | Entered Level 5 of the Dungeon
  4141 | D:5      | Reached skill level 5 in Armour
  4321 | D:5      | Reached skill level 5 in Fighting
  4735 | D:5      | Found a burning altar of Makhleb.
  4736 | D:5      | Found an ornate altar of the Wu Jian Council.
  4973 | D:5      | Noticed a wyvern
  4980 | D:5      | Killed a wyvern
  4981 | D:5      | Reached XP level 8. HP: 70/70 MP: 7/7
  5222 | D:6      | Found a glowing golden altar of the Shining One.
  5247 | D:6      | Reached skill level 10 in Axes
  5481 | D:6      | Noticed Prince Ribbit
  5490 | D:6      | Killed Prince Ribbit
  5544 | D:6      | Found a runed translucent gate.
  5544 | D:6      | Noticed initializr's ghost (novice KoBr)
  5548 | D:6      | Found a runed translucent gate.
  5548 | D:6      | Found a runed translucent gate.
  6287 | D:7      | Reached XP level 9. HP: 79/79 MP: 8/8
  6852 | D:7      | Reached ***** piety under Trog
  6894 | D:7      | Reached skill level 5 in Dodging
  6894 | D:7      | Reached skill level 5 in Shields
  6894 | D:7      | Reached XP level 10. HP: 90/91 MP: 9/9
  7455 | D:8      | Found a staircase to the Lair.
  7699 | D:8      | Found a hazy altar of Hepliaklqana.
  7781 | D:8      | Found Peudwek's Antique Weapon Shop.
  8451 | D:9      | Noticed Erica
  8461 | D:9      | Killed Erica
  8498 | D:9      | Noticed an eye of devastation
  8530 | D:9      | Killed an eye of devastation
  8531 | D:9      | Reached skill level 10 in Armour
  8755 | D:9      | Reached skill level 10 in Fighting
  8836 | D:9      | Noticed a tengu warrior
  8847 | D:9      | Reached XP level 11. HP: 94/99 MP: 10/10
  8857 | D:9      | Killed a tengu warrior
  9054 | D:9      | Noticed a two-headed ogre
  9065 | D:9      | Killed a two-headed ogre
  9066 | D:9      | Reached skill level 15 in Axes
  9210 | D:9      | Reached skill level 1 in Throwing
  9919 | D:10     | Entered Level 10 of the Dungeon
 10080 | Lair:1   | Entered Level 1 of the Lair of Beasts
 10345 | Lair:1   | Noticed Maggie
 10361 | Lair:1   | Killed Maggie
 10819 | Lair:1   | Reached skill level 1 in Evocations
 11670 | D:8      | Bought a glowing war axe for 175 gold pieces
 11753 | Lair:2   | Found a frozen archway.
 11921 | Lair:2   | Reached XP level 12. HP: 46/106 MP: 11/11
 11921 | Lair:2   | Reached ****** piety under Trog
 12264 | Lair:2   | Reached skill level 5 in Evocations
 12398 | Lair:2   | Identified the +7 mace "Ripyub" {flame, rElec Str+2}
 12466 | Lair:2   | Reached skill level 1 in Maces & Flails
 12488 | Lair:2   | Received a gift from Trog
 13186 | Lair:2   | Upgraded the game from 0.30-a0-726-gd89dcf765f to
                  | 0.30-a0-782-ge64f9170bb
 13795 | Lair:2   | Reached skill level 5 in Maces & Flails
 14444 | Lair:3   | Received a gift from Trog
 14646 | Lair:3   | Found a staircase to the Shoals.
 14655 | Lair:3   | Reached XP level 13. HP: 114/114 MP: 12/12
 14658 | Shoals:1 | Entered Level 1 of the Shoals
 14690 | Lair:3   | Found a shimmering altar of Xom.
 14775 | Lair:3   | Reached skill level 1 in Stealth
 15012 | Lair:3   | Found a staircase to the Snake Pit.
 15316 | Lair:4   | Found a viscous altar of Jiyva.
 15316 | Lair:4   | Found a staircase to the Slime Pits.
 15340 | Slime:1  | Entered Level 1 of the Pits of Slime
 15450 | Lair:4   | Noticed Rupert
 15473 | Lair:4   | Killed Rupert
 16304 | Lair:4   | Identified the +5 morningstar "Iwnurimp" {freeze, rC+
                  | Int+2}
 16885 | Lair:5   | Entered Level 5 of the Lair of Beasts
 17114 | Lair:5   | Received a gift from Trog
 17120 | Lair:5   | Reached skill level 10 in Maces & Flails
 18634 | Lair:5   | Reached XP level 14. HP: 126/126 MP: 13/13
 19666 | Lair:5   | Received a gift from Trog
 20101 | Lair:5   | Found a runed translucent door.
 20101 | Lair:5   | Found a shimmering altar of Xom.
 20101 | Lair:5   | Noticed kae's ghost (journeyman GrEE)
 20859 | Snake:1  | Entered Level 1 of the Snake Pit
 21652 | D:10     | Found a runed translucent door.
 21955 | D:11     | Noticed Grum
 21991 | D:11     | Killed Grum
 22172 | D:11     | Found a portal to a secret trove of treasure.
 22258 | D:11     | Found a staircase to the Orcish Mines.
 22474 | D:11     | Received a gift from Trog
 22551 | D:11     | Identified the +3 leather armour of Dithmenos's Pride {Fly}
 22865 | Orc:1    | Entered Level 1 of the Orcish Mines
 22872 | Orc:1    | Noticed Maurice
 22891 | Orc:1    | Killed Maurice
 23020 | Orc:2    | Entered Level 2 of the Orcish Mines
 24002 | Orc:2    | Found a staircase to the Elven Halls.
 24011 | Elf:1    | Entered Level 1 of the Elven Halls
 24105 | Elf:1    | Received a gift from Trog
 24106 | Elf:1    | Reached XP level 15. HP: 88/137 MP: 14/14
 24228 | Elf:1    | Paralysed by an air elemental for 1 turns
 24711 | Orc:2    | Found Daut's Distillery.
 24711 | Orc:2    | Found Osinom's Antique Weapon Emporium.
 24712 | Orc:2    | Found Dekeatemy's General Store.
 24712 | Orc:2    | Found Kistoth's General Store.
 24841 | Orc:2    | Found a runed translucent door.
 25212 | Orc:2    | Paralysed by an orc sorcerer for 4 turns
 25379 | Orc:2    | Identified the +1 whip of Forgiveness {freeze, rN+ Str+3}
 25498 | D:11     | Received a gift from Trog
 25530 | D:12     | Noticed Jorgrun
 25721 | D:12     | Reached skill level 15 in Fighting
 25724 | D:12     | Killed Jorgrun
 25744 | D:12     | Reached skill level 15 in Armour
 26101 | D:12     | Noticed Josephine
 26104 | D:12     | Killed Josephine
 26492 | D:13     | Reached skill level 10 in Dodging
 26576 | D:13     | Received a gift from Trog
 27625 | D:14     | Found a radiant altar of Vehumet.
 28173 | D:14     | Reached XP level 16. HP: 131/151 MP: 15/15
 28392 | D:14     | Found a gate to the Vaults.
 28538 | D:15     | Entered Level 15 of the Dungeon
 29401 | D:15     | Received a gift from Trog
 33014 | Shoals:2 | Noticed Mlioglotl
 33021 | Shoals:2 | Noticed a shadow dragon
 33896 | Lair:3   | Upgraded the game from 0.30-a0-782-ge64f9170bb to
                  | 0.30-a0-989-g0d87f670db
 34482 | D:4      | Killed LowRida's ghost
 34562 | D:6      | Killed initializr's ghost
 34991 | Orc:2    | Bought a potion of curing for 51 gold pieces
 34991 | Orc:2    | Bought a potion of heal wounds for 85 gold pieces
 35240 | D:15     | Found a staircase to the Depths.
 35248 | Depths:1 | Entered Level 1 of the Depths
 35258 | Depths:1 | Reached XP level 17. HP: 161/161 MP: 16/16
 35481 | Depths:1 | Reached skill level 10 in Evocations
 35537 | Depths:1 | Noticed a lich
 35547 | Depths:1 | Noticed Mara
 35554 | Depths:1 | Killed a lich
 35599 | Depths:1 | Noticed ketsa's illusion
 35626 | D:15     | Upgraded the game from 0.30-a0-989-g0d87f670db to
                  | 0.30-a0-1075-gcd70e7a56d
 35906 | Shoals:2 | Killed Mlioglotl
 36690 | Shoals:3 | Noticed Ilsuiw
 36716 | Shoals:3 | Killed Ilsuiw
 36939 | Shoals:4 | Entered Level 4 of the Shoals
 37745 | Shoals:3 | Reached skill level 10 in Shields
 38756 | Shoals:3 | Reached skill level 15 in Maces & Flails
 38962 | Shoals:3 | Upgraded the game from 0.30-a0-1075-gcd70e7a56d to
                  | 0.30-a0-1123-gabc949cf19
 39455 | Shoals:4 | HP: 4/163 [merfolk impaler/+2 demon trident of freezing
                  | (19)]
 39455 | Shoals:4 | Slain by a merfolk impaler

Illustrated notes

Levels and vault maps discovered:
D:1:      ncdulo_wetmaze, layout_loops_corners,
          hellmonk_ecumenical_altar_arch_garden
D:2:      layout_basic
D:3:      layout_loops_cross, mainiacjoe_overflow_boulevard, uniq_terence
D:4:      minmay_recursive_quarters, layout_loops_ring,
          minmay_temple_entry_grid, gammafunk_ghost_grave
D:5:      layout_loops_cross, minitemple, kennysheep_cross_room,
          kennysheep_small_square
D:6:      layout_loops_ring, tso_metal_star, gammafunk_ghost_split,
          uniq_prince_ribbit1
D:7:      layout_loops_corners, moated_statue
D:8:      layout_basic, overflow_temple_1_default,
          grunt_lair_entry_orc_guard_hut, serial_shops,
          nicolae_shop_temple_entry_statues_fountains
D:9:      layout_loops_corners, minmay_diamond_spiral, uniq_erica
D:10:     cheibrodos_shockbox, layout_loops_ring
D:11:     layout_long_grid, david_orc_2, nicolae_trove_entry_free_sample,
          serial_glass, glass_columns_c, glass_columns_a, uniq_grum
D:12:     layout_rooms, uniq_josephine, uniq_jorgrun
D:13:     layout_loops_ring
D:14:     layout_roguey, erik_vaults_2, hangedman_decor_peaks_small,
          minmay_stone_trees_medium, vehumet_altar_wand_db
D:15:     gammafunk_enter_depths_forms, layout_rooms, grunt_decor_junction
Temple:   hellmonk_temple_divided_pantheon
Lair:1:   layout_roguey, lemuel_fruit_tree, grunt_megastairs_2,
          lemuel_fruit_fields, serial_bayou_shore_a, uniq_maggie
Lair:2:   lemuel_reptile_caves, layout_cave_pods,
          portal_ice_cave_entry_pillars_2
Lair:3:   layout_gridlike, elwin_shoals_entry_rooms, serial_bayou,
          serial_bayou_pond_b, serial_bayou_lagoon_b, serial_bayou_pond_e,
          serial_bayou_shore_b, basic_altar, infiniplex_staircase_pool_2
Lair:4:   layout_gridlike, minmay_slime_entry_pillars,
          dreamdust_mushroom_princess, serial_bayou_lake_a, grunt_megastairs_5,
          uniq_rupert
Lair:5:   guppyfry_lair_end_dragon, layout_layer_cave,
          hangedman_lair_caniforms_friends, ebering_ghost_xom,
          patterned_corridor
Shoals:1: layout_shoals, nicolae_shoals_water_shrine
Shoals:2: layout_shoals, nicolae_shoals_water_booths, uniq_mlioglotl
Shoals:3: layout_shoals, nicolae_shoals_loop_pool, uniq_ilsuiw
Shoals:4: shoals_end_grunt_ice, layout_shoals
Snake:1:  layout_rooms, grunt_ministairs_13, nicolae_snake_gridmaze_entwining,
          nicolae_specific_store, minmay_shop_grove
Slime:1:  layout_caves
Orc:1:    layout_caves, uniq_maurice
Orc:2:    st_orc_ogre_mass, layout_caves, basic_altar, lightli_church_of_beogh
Elf:1:    eino_elf_arrival_shootout, layout_gridlike, minivault_28
Depths:1: layout_gridlike, hell_entry, kb_rosetta, grunt_megastairs_4, uniq_mara

Skill      XL: |  1  2  3  4  5  6  7  8  9 10 11 12 13 14 15 16 17 |
---------------+----------------------------------------------------+-----
Axes           | 4 5 6 7 8 9 11 13 14 16 | 16.3
Fighting       | 4 5 7 9 10 12 13 15 17 | 17.7
Armour         | 3 4 6 7 9 10 11 12 13 15 16 17 | 17.6
Dodging        | 5 7 10 | 10.3
Shields        | 5 7 9 10 | 10.6
Throwing       | 3 |  3.6
Evocations     | 3 8 9 10 | 10.6
Maces & Flails | 7 10 12 14 15 | 15.1
Stealth        | 4 |  4.6

Action                     |  1- 3 |  4- 6 |  7- 9 | 10-12 | 13-15 | 16-18 || total
---------------------------+-------+-------+-------+-------+-------+-------++-------
  Melee: Hand axe          |    52 |   102 |   143 |   349 |       |       ||   646
         Headbutt          |    12 |    24 |    38 |   173 |   249 |   227 ||   723
         War axe           |       |       |       |    14 |       |       ||    14
         Mace              |       |       |       |   202 |   108 |       ||   310
         Morningstar       |       |       |       |       |   931 |   826 ||  1757
  Throw: Stone             |       |       |       |     5 |       |       ||     5
         Dart              |       |       |       |       |    27 |    41 ||    68
 Invoke: Berserk           |       |     1 |     1 |     3 |     4 |     5 ||    14
         Trog's Hand       |       |       |     1 |     2 |     5 |     8 ||    16
         Brothers in Arms  |       |       |       |       |     4 |     5 ||     9
  Evoke: Box of beasts     |       |       |       |       |     1 |       ||     1
         Wand              |       |       |       |       |       |     1 ||     1
         Lightning rod     |       |       |       |       |       |     1 ||     1
    Use: Scroll            |       |    13 |     8 |     8 |     2 |     1 ||    32
         Potion            |       |       |     1 |     2 |       |     6 ||     9
   Stab: Sleeping          |       |       |       |       |     1 |     2 ||     3
         Petrified         |       |       |       |       |     2 |       ||     2
         Distracted        |       |       |       |       |       |     2 ||     2
         Invisible         |       |       |       |       |       |     1 ||     1
 Armour: Animal skin       |     1 |       |       |       |       |       ||     1
         Leather armour    |     2 |     3 |       |       |       |       ||     5
         Ring mail         |       |    28 |    44 |   179 |   319 |   211 ||   781
  Dodge: Dodged            |    34 |    50 |    66 |   274 |   816 |   406 ||  1646
  Block: Kite shield       |       |       |       |       |   183 |   598 ||   781
         Reflection        |       |       |       |       |       |    60 ||    60

Table legend: (Time is in decaauts)
 A = Elapsed time spent in this place.
 B = Non-inter-level travel time spent in this place.
 C = Inter-level travel time spent in this place.
 D = Time resting spent in this place.
 E = Time spent auto-exploring this place.
 F = Levels seen in this place.
 G = Mean time per level.
                   A        B        C        D        E       F      G
               +--------+--------+--------+--------+--------+-----+--------+
         Total |  39637 |  36483 |   3154 |  11737 |  13611 |  31 | 1278.6 |
       Dungeon |  17587 |  15875 |   1712 |   3088 |   8528 |  15 | 1172.5 |
        Temple |     42 |     42 |      0 |      0 |      6 |   1 |   42.0 |
          Lair |  11878 |  10799 |   1079 |   4509 |   3527 |   5 | 2375.6 |
        Shoals |   6746 |   6583 |    163 |   2848 |   1130 |   4 | 1686.5 |
     Snake Pit |    406 |    406 |      0 |    162 |      0 |   1 |  406.0 |
    Slime Pits |     11 |     11 |      0 |      0 |      0 |   1 |   11.0 |
  Orcish Mines |   2739 |   2541 |    198 |   1130 |    420 |   2 | 1369.5 |
   Elven Halls |     28 |     28 |      0 |      0 |      0 |   1 |   28.0 |
        Depths |    197 |    197 |      0 |      0 |      0 |   1 |  197.0 |
               +--------+--------+--------+--------+--------+-----+--------+

Top non-repeatable levels by time:
  Lair:5: 4111 daAuts
Shoals:1: 2411 daAuts
Shoals:3: 2197 daAuts
  Lair:2: 2184 daAuts
  Lair:1: 2016 daAuts
   Orc:2: 1926 daAuts
Shoals:2: 1904 daAuts
  Lair:3: 1903 daAuts
     D:9: 1891 daAuts
  Lair:4: 1661 daAuts
    D:15: 1563 daAuts
    D:14: 1468 daAuts
     D:7: 1351 daAuts
     D:4: 1227 daAuts
    D:11: 1208 daAuts
